 Dungeon Crawl Stone Soup version 0.29.1-15-g9cfb28693d (webtiles) character file.

Game seed: 30337406667183669

1289 Hugehornet the Protected (level 8, -4/69 HPs)
             Began as a Gargoyle Fighter on Mar 21, 2023.
             Slain by a two-headed ogre
             ... wielding a +0 giant club
              (6 damage)
             ... on level 5 of the Dungeon.
             The game lasted 00:07:48 (4754 turns).

Hugehornet the Protected (Gargoyle Fighter)         Turns: 4754, Time: 00:07:49

Health: -4/69      AC: 24    Str: 21    XL:     8   Next: 55%
Magic:  8/8        EV:  2    Int: 10    God:
Gold:   152        SH:  4    Dex:  9    Spells: 7/7 levels left

rFire   . . .      SeeInvis .   a - +0 war axe
rCold   + . .      Faith    .   c - +0 buckler
rNeg    + . .      Spirit   .   (body armour currently unavailable)
rPois   ∞          Reflect  .   (helmet currently unavailable)
rElec   .          Harm     .   (cloak currently unavailable)
rCorr   .          Rampage  .   (gloves currently unavailable)
Will    .....      NoTele   +   (boots currently unavailable)
Stlth   +.........              (no amulet)
HPRegen 0.21/turn               q - ring of wizardry
MPRegen 0.11/turn               f - ring of protection from cold

@: tree-form
A: stationary, stasis, torment immunity, boosted hp, sickness immunity, AC +5,
negative energy resistance 1, (electricity resistance), torment resistance 1,
petrification resistance
a: no special abilities


You were on level 5 of the Dungeon.
You were a tree.
You visited 1 branch of the dungeon, and saw 5 of its levels.

You collected 152 gold pieces.

Inventory:

Hand Weapons
 a - a +0 war axe (weapon)
 B - a +2 vampiric trident
Armour
 b - a +0 scale mail
 c - a +0 buckler (worn)
 i - a +0 pair of gloves (melded)
 x - a +1 helmet (melded)
 y - a +0 plate armour (melded)
 D - a +1 cloak (melded)
Jewellery
 f - a ring of protection from cold (right branch)
 q - a ring of wizardry (left branch)
 w - an amulet of magic regeneration
Wands
 v - a wand of light (7)
Scrolls
 e - 2 scrolls of fear {unknown}
 j - 2 scrolls of immolation {unknown}
 k - 2 scrolls of identify {unknown}
 l - a scroll of silence {unknown}
 m - 2 scrolls of magic mapping {unknown}
 o - 2 scrolls of teleportation {unknown}
 r - a scroll of blinking {unknown}
 s - a scroll of poison {unknown}
 t - a scroll of enchant armour {unknown}
 C - a scroll of summoning {unknown}
Potions
 g - a potion of cancellation
 h - a potion of lignification
 n - a potion of mutation {unknown}
 p - a potion of curing {unknown}
 u - a potion of degeneration {unknown}
 A - a potion of attraction {unknown}
 E - a potion of haste {unknown}


   Skills:
 - Level 3.2 Fighting
 + Level 6.7 Axes
 + Level 8.5 Armour
 - Level 3.2 Shields


You had 7 spell levels left.
You didn't know any spells.
Your spell library contained the following spells:

 Spells                   Type           Power      Damage    Failure   Level
 Sting                    Tmut/Pois      0%         1d3       21%         1
 Summon Small Mammal      Summ           0%         N/A       21%         1
 Poisonous Vapours        Pois/Air       0%         N/A       28%         2
 Call Canine Familiar     Summ           0%         N/A       50%         3
 Summon Guardian Golem    Hex/Summ       0%         N/A       50%         3
 Olgreb's Toxic Radiance  Pois           0%         N/A       86%         4


Dungeon Overview and Level Annotations

Branches:
Dungeon (5/15)
 Temple: D:4-7

Altars:
Yredelemnul


Innate Abilities, Weirdness & Mutations

You are a tree.
Your roots penetrate the ground, keeping you stationary.
You cannot be teleported.
You are immune to unholy pain and torment.
Your maximum health is greatly increased.
Your equipment is partially melded.
You are immune to sickness and miasma.
((Your stone body is resilient. (AC +5)))
You are immune to poison.
You resist negative energy. (rN+)
((You are resistant to electric shocks. (rElec)))
You are resistant to unholy torment.
You are immune to petrification.


Message History

HP restored.
Unknown command.
Unknown command.
You don't know any spells.
Unknown command.
Okay, then.
Unknown command.
The two-headed ogre shouts in stereo!
It was a potion of cancellation.
You feel magically purged.
It was a potion of lignification.
You turn into a tree.
Your +1 cloak melds into your body.
Your +1 helmet melds into your body.
Your +0 pair of gloves melds into your body.
Your +0 plate armour melds into your body.
Your roots penetrate the ground.
You closely miss the two-headed ogre.
The two-headed ogre hits you but does no damage.
The two-headed ogre hits you with a +0 giant spiked club!!
You hit the two-headed ogre but do no damage.
The two-headed ogre hits you with a +0 giant club.
The two-headed ogre hits you with a +0 giant spiked club!
You slash the two-headed ogre!
The two-headed ogre is moderately wounded.
The two-headed ogre hits you with a +0 giant club!
* * * LOW HITPOINT WARNING * * *
The two-headed ogre hits you but does no damage.
You feel much better.
The two-headed ogre hits you with a +0 giant club!!
The two-headed ogre hits you with a +0 giant spiked club!
* * * LOW HITPOINT WARNING * * *
You hit the two-headed ogre.
The two-headed ogre is moderately wounded.
You slash the two-headed ogre!
The two-headed ogre is heavily wounded.
The two-headed ogre hits you but does no damage.
The two-headed ogre hits you with a +0 giant spiked club!
* * * LOW HITPOINT WARNING * * *
You closely miss the two-headed ogre.
The two-headed ogre is heavily wounded.
The two-headed ogre hits you with a +0 giant club.
You die...

#.... ######...
######..##....
##..#....#...##
#............#
#..#.......## ..
######.#).##....## ....
#..##....).##.....
..#.###♣O†..#.......##.#
.....#....###........#..
. ......##.##............
..##.....#..##...........
......#..))..............
......##.###)#...........
.......)## #.#...........
.......## #^....#......).
....... #....###.......


You could see a two-headed ogre.

Vanquished Creatures
  Sigmund (D:2)
  3 ogres
  2 scorpions (D:5)
  3 howler monkeys
  4 hounds
  A jelly (D:4)
  4 orc priests
  3 iguanas (D:5)
  3 orc wizards
  Robin (D:3)
  6 adders
  2 shadow imps (D:5)
  An ufetubus (D:5)
  2 worms (D:3)
  4 dart slugs
  18 orcs
  6 ball pythons
  3 bats (D:2)
  5 endoplasms
  3 giant cockroaches
  17 goblins
  9 hobgoblins
  3 jackals
  9 kobolds
  2 quokkas (D:1)
  2 frilled lizards (D:1)
  5 rats
122 creatures vanquished.

Notes
Turn   | Place    | Note
-------+----------+-------------------------------------------
     0 | D:1      | Hugehornet the Gargoyle Fighter began the quest for the
                  | Orb.
     0 | D:1      | Reached XP level 1. HP: 14/14 MP: 1/1
   213 | D:1      | Reached XP level 2. HP: 14/19 MP: 2/2
   393 | D:1      | Reached XP level 3. HP: 22/23 MP: 3/3
   395 | D:1      | Reached skill level 4 in Armour
   796 | D:1      | Found a faded altar of an unknown god.
  1030 | D:2      | Identified the +7 short sword of the Forging Lamprey
                  | {vorpal, SInv}
  1418 | D:2      | Noticed Sigmund
  1430 | D:2      | Killed Sigmund
  1431 | D:2      | Reached skill level 5 in Armour
  1431 | D:2      | Reached XP level 4. HP: 7/28 MP: 4/4
  1431 | D:2      | Reached XP level 5. HP: 8/32 MP: 5/5
  1832 | D:3      | Reached XP level 6. HP: 34/37 MP: 6/6
  2189 | D:3      | Noticed Robin
  2220 | D:3      | Killed Robin
  2906 | D:3      | Reached skill level 6 in Armour
  3266 | D:4      | Reached skill level 5 in Axes
  3266 | D:4      | Reached XP level 7. HP: 26/41 MP: 7/7
  4202 | D:5      | Entered Level 5 of the Dungeon
  4202 | D:5      | Found a basalt altar of Yredelemnul.
  4213 | D:5      | Reached skill level 7 in Armour
  4334 | D:5      | Reached XP level 8. HP: 30/46 MP: 8/8
  4345 | D:5      | Noticed a two-headed ogre
  4551 | D:5      | Reached skill level 8 in Armour
  4611 | D:5      | HP: 1/46 [ogre/+0 giant club (27)]
  4753 | D:5      | HP: 1/69 [two-headed ogre/+0 giant club (10)]
  4754 | D:5      | Slain by a two-headed ogre

Illustrated notes

Levels and vault maps discovered:
D:1:      heliophobic_arrival_dark_side_of_the_moon, layout_rooms,
          hellmonk_ecumenical_altar_prayer_group
D:2:      layout_loops_ring, hangedman_abyss_or_decor_stabs,
          minmay_misc_feat_more_columns, uniq_sigmund
D:3:      layout_loops_ring, uniq_robin
D:4:      layout_basic, minmay_misc_feat_diagonals
D:5:      layout_cave_pools, yredelemnul_altar_generic, minmay_manual_mess

Skill      XL: |  1  2  3  4  5  6  7  8 |
---------------+-------------------------+-----
Axes           | 2 4 5 6 |  6.7
Armour         | 5 6 7 8 |  8.5
Fighting       | |  3.2
Shields        | |  3.2

Action                   |  1- 3 |  4- 6 |  7- 9 || total
-------------------------+-------+-------+-------++-------
Melee: War axe           |    85 |   138 |   172 ||   395
  Use: Potion            |     1 |       |     7 ||     8
Armor: Scale mail        |    68 |    47 |       ||   115
       Plate armour      |       |    87 |   172 ||   259
       Skin              |       |       |     3 ||     3
Dodge: Dodged            |    48 |    63 |    66 ||   177
Block: Buckler           |    16 |    19 |    34 ||    69
